 Dungeon Crawl Stone Soup version 0.23.2 (webtiles) character file.

Game seed: 17351933407533427134

15005 Ayyar the Thaumaturge (level 12, -13/94 HPs)
             Began as a Gnoll Warper on Oct 8, 2019.
             Was a High Priest of Okawaru.
             Mangled by Jorgrun
             ... wielding an uncursed staff of earth
              (24 damage)
             ... on level 11 of the Dungeon on Oct 10, 2019.
             The game lasted 01:26:10 (11435 turns).

Ayyar the Thaumaturge (Gnoll Warper)               Turns: 11435, Time: 01:26:10

Health: -13/94     AC: 13    Str: 16    XL:     12   Next: 22%
Magic:  24/24      EV: 11    Int: 18    God:    Okawaru [*****.]
Gold:   635        SH:  0    Dex: 16    Spells: 11/28 levels left

rFire    . . .     SeeInvis +   a - +5 war axe of Imminent Death {flame, rPois Str-2 Int+3 SInv}
rCold    + . .     Gourm    .   (no shield)
rNeg     . . .     Faith    .   U - +0 chain mail of Tartarus {rC+ Regen+}
rPois    +         Spirit   .   (no helmet)
rElec    .         Reflect  .   S - +0 cloak
rCorr    +         Harm     .   (no gloves)
MR       .....                  o - +0 pair of boots
Stlth    ++........             (no amulet)
HPRegen  0.65/turn              h - ring of resist corrosion
MPRegen  0.19/turn              l - ring of stealth

@: hasted, very quick
A: distributed training, fangs 1, strong nose
a: Heroism, Finesse, Renounce Religion


You were on level 11 of the Dungeon.
You worshipped Okawaru.
Okawaru was extremely pleased with you.
You were not hungry.

You visited 3 branches of the dungeon, and saw 13 of its levels.

You collected 635 gold pieces.

Inventory:

Hand Weapons
 a - the +5 war axe of Imminent Death (weapon) {flame, rPois Str-2 Int+3 SInv}
   (You found it on level 4 of the Dungeon)

   It has been specially enchanted to burn those struck by it, causing extra
   injury to most foes and up to half again as much damage against particularly
   susceptible opponents.
   Big, fiery blades are also staple armaments of hydra-hunters.
   It affects your strength (-2).
   It affects your intelligence (+3).
   It protects you from poison.
   It lets you see invisible.
 b - a +4 fustibalus of flaming
 O - a +0 dagger of electrocution
 V - the +1 longbow of Red Wine {velocity, Str+2 Dex+8 SInv}
   (Okawaru gifted it to you on level 10 of the Dungeon)

   Any arrow fired from it inflicts extra damage.
   It affects your strength (+2).
   It affects your dexterity (+8).
   It lets you see invisible.
 Z - the +6 quarterstaff "Coynk" {pain, Str+6}
   (You found it on level 11 of the Dungeon)

   In the hands of one skilled in necromantic magic, it inflicts extra damage on
   living creatures.
   It affects your strength (+6).
Missiles
 e - a tomahawk of dispersal
 B - 8 tomahawks (quivered)
 D - 2 throwing nets
 P - 81 stones
 T - 41 sling bullets
 Y - 59 arrows
Armour
 o - a +0 pair of boots (worn)
 y - a +2 ring mail of fire resistance
 S - a +0 cloak (worn)
 U - the +0 chain mail of Tartarus (worn) {rC+ Regen+}
   (You found it on level 9 of the Dungeon)

   It protects you from cold.
   It increases your rate of regeneration.
Magical Staves
 I - an uncursed staff of wizardry
Jewellery
 h - a ring of resist corrosion (left hand)
 l - a ring of stealth (right hand)
 q - an uncursed ring of flight
 t - an uncursed ring of fire
 x - an uncursed ring of see invisible
Wands
 s - a wand of paralysis (14)
 E - a wand of acid (1)
 L - a wand of iceblast (7)
 N - a wand of polymorph (10)
Scrolls
 c - 4 scrolls of remove curse
 d - 3 scrolls of blinking
 g - 2 scrolls of fear {unknown}
 i - 3 scrolls of magic mapping {unknown}
 j - 4 scrolls of teleportation
 p - 2 scrolls of identify
 r - 2 scrolls of amnesia {unknown}
 u - 3 scrolls of enchant weapon
 v - 2 scrolls of fog {unknown}
 F - a scroll of torment {unknown}
 M - a scroll of enchant armour {unknown}
 R - a scroll of immolation {unknown}
 X - a scroll of random uselessness {unknown}
Potions
 k - 2 potions of heal wounds
 m - 2 potions of lignification {unknown}
 w - 6 potions of brilliance {unknown}
 z - 4 potions of flight {unknown}
 A - 2 potions of curing {unknown}
 C - a potion of might {unknown}
 G - 5 potions of ambrosia
 H - a potion of mutation {unknown}
 J - a potion of berserk rage {unknown}
 K - a potion of haste
 Q - 2 potions of cancellation {unknown}
 W - a potion of degeneration {unknown}
Comestibles
 f - 19 rations
 n - 5 chunks of flesh


   Skills:
 + Level 8.4 Fighting
 + Level 6.9 Short Blades
 + Level 6.9 Long Blades
 + Level 6.9 Axes
 + Level 6.9 Maces & Flails
 + Level 8.4 Polearms
 + Level 6.9 Staves
 + Level 6.9 Slings
 + Level 6.9 Bows
 + Level 6.9 Crossbows
 + Level 7.5 Throwing
 + Level 7.5 Armour
 + Level 8.4 Dodging
 + Level 6.9 Stealth
 + Level 6.9 Shields
 + Level 6.9 Unarmed Combat
 + Level 8.6 Spellcasting
 + Level 5.7 Conjurations
 + Level 5.7 Hexes
 + Level 5.7 Charms
 + Level 5.7 Summonings
 + Level 5.7 Necromancy
 + Level 8.0 Translocations
 + Level 5.7 Transmutations
 + Level 5.7 Fire Magic
 + Level 5.7 Ice Magic
 + Level 5.7 Air Magic
 + Level 5.7 Earth Magic
 + Level 5.7 Poison Magic
 + Level 7.6 Invocations
 + Level 6.9 Evocations


You had 11 spell levels left.
You knew the following spells:

 Your Spells              Type           Power        Failure   Level  Hunger
a - Blink                 Tloc           N/A          6%          2    None
b - Teleport Other        Tloc           #####...     12%         3    None
c - Gell's Gravitas       Tloc           #####.....   12%         3    None
d - Dazzling Spray        Conj/Hex       ####..       32%         3    None
e - Searing Ray           Conj           ####..       16%         2    None
f - Force Lance           Conj/Tloc      ####....     54%         4    ###....

Your spell library contained the following spells:

 Spells                   Type           Power        Failure   Level  Hunger
 Apportation              Tloc           #####.       4%          1    None
 Shroud of Golubria       Chrm/Tloc      ####......   10%         2    None
 Animate Skeleton         Necr           N/A          11%         1    None
 Confusing Touch          Hex            ####..       11%         1    None
 Magic Dart               Conj           ####         11%         1    None
 Summon Small Mammal      Summ           ####         11%         1    None
 Lesser Beckoning         Tloc           #####.....   12%         3    None
 Passage of Golubria      Tloc           N/A          38%         4    ###....
 Fulminant Prism          Conj/Hex       ####......   71%         4    ###....
 Iskenderun's Mystic Bla  Conj           ####....     71%         4    ###....


Dungeon Overview and Level Annotations

Branches:
Dungeon (11/15)            Temple (1/1) D:6            Lair (0/6) D:9
    Orc (1/2) D:11

Altars:
Cheibriados
Elyvilon
Fedhas
Gozag
Kikubaaqudgha
Makhleb
Nemelex Xobeh
Okawaru
Qazlal
Ru
Sif Muna
Trog
Uskayaw
Vehumet
Wu Jian
Xom
Yredelemnul
Zin
The Shining One

Shops:
D:4 [   D:11 [

Annotations:
D:9 1 runed translucent door, centipede's ghost, journeyman FoAK
D:11 Jorgrun


Innate Abilities, Weirdness & Mutations

Your experience applies equally to all skills.
You have very sharp teeth.
Your uncanny sense of smell can sniff out nearby items.


Message History

The grasping roots constrict you.
Your +4 fustibalus of flaming stops flaming.
The +5 war axe of Imminent Death {flame, rPois Str-2 Int+3 SInv} bursts into flame!
a - the +5 war axe of Imminent Death (weapon)
{flame, rPois Str-2 Int+3 SInv} You escape the roots' grasp.
The orc wizard gestures wildly while chanting.
The orc wizard blinks!
The orc priest hits you but does no damage.
Jorgrun hits you with an uncursed staff of earth.
* * * LOW HITPOINT WARNING * * *
Jorgrun crushes you!
* * * LOW HITPOINT WARNING * * *
You climb upwards.
Welcome back to the Dungeon!
There is a staircase to the Orcish Mines here.
You feel yourself speed up.
The orc priest hits you but does no damage.
Jorgrun hits you with an uncursed staff of earth.
* * * LOW HITPOINT WARNING * * *
Jorgrun crushes you!
You die...

######......##.#.# #.#
######.##.#.# #.# #.##...# #.#
##)##.#.####### #.###
#.............# #....
#.............# ##### ######
#.............# .....#
##.......g.....##
####.####.......@.......#
#..).........o.......# #
#######..............#
##########..............#
........................#
##########.#.##..######.######
# #.#.##.## #......#
#.#.##.#######.####.####
#.#.##.........# #.....


You could see Jorgrun and an orc priest.

Vanquished Creatures
  Josephine (D:10)
  2 two-headed ogres
  An ugly thing (D:11)
  Maurice (D:8)
  3 trolls
  2 hornets
  A vampire (D:8)
  5 wraiths (D:9)
  7 yaks
  Eustachio (D:6)
  3 hogs (D:10)
  A human (D:10)
  3 hungry ghosts
  Grum (D:8)
  Menkaure (D:6)
  A soldier ant (D:11)
  A warg (D:11)
  Duvessa (D:4)
  4 porcupines (D:9)
  3 black bears
  An eye of draining (D:10)
  3 ice beasts
  An orc warrior (D:11)
  3 sky beasts
  A necrophage (D:9)
  8 ogres
  6 phantoms
  2 wolves
  8 centaurs
  A crocodile (D:9)
  2 big kobolds
  11 bullfrogs
  Dowan (D:4)
  A water moccasin skeleton (D:11)
  5 scorpions
  5 wights (D:8)
  14 killer bees
  3 howler monkeys
  2 crimson imps
  4 jellies
  2 centaur zombies
  5 hounds
  A bullfrog zombie (D:8)
  6 orc priests
  A centaur skeleton (D:6)
  12 orc wizards
  A bullfrog skeleton (D:8)
  An iguana (D:7)
  12 worker ants
  A killer bee zombie (D:7)
  A hound zombie (D:6)
  2 hound skeletons
  A worker ant zombie (D:10)
  8 gnolls
  3 howler monkey skeletons
  14 adders
  A shadow imp (D:5)
  4 worms
  5 dart slugs
  3 leopard geckos
  38 orcs
  10 giant cockroaches
  4 hobgoblins
  14 jackals
  10 kobolds
  9 quokkas
  A ball python (D:3)
  7 bats
  3 frilled lizards
  A giant cockroach zombie (D:5)
  8 goblins
  A quokka zombie (D:5)
  4 rats
319 creatures vanquished.

Vanquished Creatures (others)
  An ogre (D:5)
  34 fungi (D:9)
  26 plants (D:9)
61 creatures vanquished.

Grand Total: 380 creatures vanquished

Notes
Turn   | Place    | Note
-------+----------+-------------------------------------------
     0 | D:1      | Ayyar the Gnoll Warper began the quest for the Orb.
     0 | D:1      | Reached XP level 1. HP: 20/20 MP: 6/6
    15 | D:1      | You fall through a shaft!
   467 | D:1      | Reached XP level 2. HP: 26/26 MP: 7/7
   858 | D:1      | Learned a level 2 spell: Blink
   875 | D:1      | Reached XP level 3. HP: 31/31 MP: 9/9
   884 | D:1      | Reached skill level 5 in Spellcasting
  1168 | D:2      | Reached skill level 1 in Invocations
  1269 | D:2      | Found a white marble altar of Elyvilon.
  1291 | D:2      | Reached skill level 1 in Short Blades
  1291 | D:2      | Reached skill level 1 in Long Blades
  1291 | D:2      | Reached skill level 1 in Axes
  1291 | D:2      | Reached skill level 1 in Maces & Flails
  1291 | D:2      | Reached skill level 1 in Staves
  1291 | D:2      | Reached skill level 1 in Slings
  1291 | D:2      | Reached skill level 1 in Bows
  1291 | D:2      | Reached skill level 1 in Crossbows
  1291 | D:2      | Reached skill level 1 in Stealth
  1291 | D:2      | Reached skill level 1 in Shields
  1291 | D:2      | Reached skill level 1 in Unarmed Combat
  1291 | D:2      | Reached skill level 1 in Evocations
  1291 | D:2      | Reached XP level 4. HP: 38/38 MP: 11/11
  1327 | D:2      | Found a stormy altar of Qazlal.
  1339 | D:2      | Found a basalt altar of Yredelemnul.
  1340 | D:2      | Found a bloodstained altar of Trog.
  1340 | D:2      | Found an ancient bone altar of Kikubaaqudgha.
  1340 | D:2      | Found a radiant altar of Vehumet.
  1340 | D:2      | Found a snail-covered altar of Cheibriados.
  1340 | D:2      | Found an ornate altar of the Wu Jian Council.
  1341 | D:2      | Found a sacrificial altar of Ru.
  1344 | D:2      | Found a glowing silver altar of Zin.
  1345 | D:2      | Found a blossoming altar of Fedhas.
  1757 | D:2      | Reached skill level 1 in Conjurations
  1757 | D:2      | Reached skill level 1 in Hexes
  1757 | D:2      | Reached skill level 1 in Charms
  1757 | D:2      | Reached skill level 1 in Summonings
  1757 | D:2      | Reached skill level 1 in Necromancy
  1757 | D:2      | Reached skill level 1 in Transmutations
  1757 | D:2      | Reached skill level 1 in Fire Magic
  1757 | D:2      | Reached skill level 1 in Ice Magic
  1757 | D:2      | Reached skill level 1 in Air Magic
  1757 | D:2      | Reached skill level 1 in Earth Magic
  1757 | D:2      | Reached skill level 1 in Poison Magic
  2014 | D:3      | Reached XP level 5. HP: 33/43 MP: 12/12
  2501 | D:3      | Reached XP level 6. HP: 34/50 MP: 13/13
  2667 | D:3      | Learned a level 3 spell: Teleport Other
  2671 | D:3      | Learned a level 3 spell: Gell's Gravitas
  2790 | D:4      | Found Tafeacon's Antique Armour Shop.
  2820 | D:4      | Reached skill level 5 in Fighting
  2820 | D:4      | Reached skill level 5 in Polearms
  2820 | D:4      | Reached skill level 5 in Dodging
  2859 | D:4      | Noticed Duvessa
  2859 | D:4      | Noticed Dowan
  3012 | D:4      | Got a jewelled war axe
  3016 | D:4      | Identified the +5 war axe of Imminent Death {flame, rPois
                  | Str-2 Int+3 SInv} (You found it on level 4 of the Dungeon)
  3049 | D:4      | Noticed a phantom
  3209 | D:4      | Killed Dowan
  3209 | D:4      | Reached XP level 7. HP: 55/56 MP: 15/15
  3233 | D:4      | Killed Duvessa
  3772 | D:4      | Reached XP level 8. HP: 58/63 MP: 16/16
  3845 | D:5      | Entered Level 5 of the Dungeon
  4084 | D:5      | Found a shimmering altar of Xom.
  4281 | D:5      | Found a burning altar of Makhleb.
  4285 | D:5      | Found a hide-covered altar of Uskayaw.
  4830 | D:6      | Found a staircase to the Ecumenical Temple.
  4837 | Temple   | Entered the Ecumenical Temple
  4867 | Temple   | Became a worshipper of Warmaster Okawaru
  4946 | D:6      | Learned a level 3 spell: Dazzling Spray
  4948 | D:6      | Noticed Eustachio
  4978 | D:6      | Killed Eustachio
  5045 | D:6      | Reached XP level 9. HP: 57/69 MP: 18/18
  5236 | D:6      | Noticed a troll
  5256 | D:6      | Killed a troll
  5256 | D:6      | Reached * piety under Okawaru
  5606 | D:6      | Noticed Menkaure
  5611 | D:6      | Killed Menkaure
  5611 | D:6      | Reached skill level 5 in Throwing
  5611 | D:6      | Reached skill level 5 in Armour
  5839 | D:7      | Reached ** piety under Okawaru
  6095 | D:7      | Reached skill level 5 in Invocations
  6426 | D:7      | Learned a level 2 spell: Searing Ray
  6431 | D:7      | Learned a level 4 spell: Force Lance
  6535 | D:7      | Reached XP level 10. HP: 62/77 MP: 3/20
  6613 | D:7      | Found a blossoming altar of Fedhas.
  6881 | D:8      | Noticed Grum
  6995 | D:8      | Killed Grum
  7174 | D:8      | Reached skill level 5 in Short Blades
  7174 | D:8      | Reached skill level 5 in Long Blades
  7174 | D:8      | Reached skill level 5 in Axes
  7174 | D:8      | Reached skill level 5 in Maces & Flails
  7174 | D:8      | Reached skill level 5 in Staves
  7174 | D:8      | Reached skill level 5 in Slings
  7174 | D:8      | Reached skill level 5 in Bows
  7174 | D:8      | Reached skill level 5 in Crossbows
  7174 | D:8      | Reached skill level 5 in Stealth
  7174 | D:8      | Reached skill level 5 in Shields
  7174 | D:8      | Reached skill level 5 in Unarmed Combat
  7174 | D:8      | Reached skill level 5 in Evocations
  7214 | D:8      | Found a glowing golden altar of the Shining One.
  7231 | D:8      | Reached *** piety under Okawaru
  7354 | D:8      | Noticed Maurice
  7522 | D:8      | Killed Maurice
  7929 | D:9      | Reached **** piety under Okawaru
  8051 | D:9      | Noticed a two-headed ogre
  8124 | D:9      | Killed a two-headed ogre
  8159 | D:9      | Reached XP level 11. HP: 54/84 MP: 22/22
  8166 | D:9      | Received a gift from Okawaru
  8330 | D:9      | Found a staircase to the Lair.
  8667 | D:9      | Got an ichor-stained chain mail
  8749 | D:9      | Found a runed translucent door.
  8750 | D:9      | Identified the +4 spear of Experimentation {venom, Str+4}
  8751 | D:9      | Noticed centipede's ghost (journeyman FoAK)
  8918 | D:9      | Reached skill level 5 in Conjurations
  8918 | D:9      | Reached skill level 5 in Hexes
  8918 | D:9      | Reached skill level 5 in Charms
  8918 | D:9      | Reached skill level 5 in Summonings
  8918 | D:9      | Reached skill level 5 in Necromancy
  8918 | D:9      | Reached skill level 5 in Transmutations
  8918 | D:9      | Reached skill level 5 in Fire Magic
  8918 | D:9      | Reached skill level 5 in Ice Magic
  8918 | D:9      | Reached skill level 5 in Air Magic
  8918 | D:9      | Reached skill level 5 in Earth Magic
  8918 | D:9      | Reached skill level 5 in Poison Magic
  9248 | D:9      | Identified the +0 chain mail of Tartarus {rC+ Regen+} (You
                  | found it on level 9 of the Dungeon)
  9260 | D:10     | Entered Level 10 of the Dungeon
  9260 | D:10     | Noticed Josephine
  9457 | D:9      | Reached ***** piety under Okawaru
  9585 | D:10     | Received a gift from Okawaru
  9588 | D:10     | Got a slimy longbow {god gift}
  9589 | D:10     | Identified the +1 longbow of Red Wine {velocity, Str+2
                  | Dex+8 SInv} (Okawaru gifted it to you on level 10 of the
                  | Dungeon)
  9838 | D:10     | Killed Josephine
 10543 | D:11     | Reached XP level 12. HP: 56/93 MP: 24/24
 10553 | D:11     | Found Biad's Armour Emporium.
 10758 | D:11     | Noticed a two-headed ogre
 10763 | D:11     | Killed a two-headed ogre
 10953 | D:11     | Got a bloodstained quarterstaff
 10969 | D:11     | Identified the +6 quarterstaff "Coynk" {pain, Str+6} (You
                  | found it on level 11 of the Dungeon)
 10973 | D:11     | Found a staircase to the Orcish Mines.
 11309 | D:11     | Identified the +2 quarterstaff of Sudden Death {freeze,
                  | Str+2} (You found it on level 11 of the Dungeon)
 11420 | Orc:1    | Entered Level 1 of the Orcish Mines
 11425 | Orc:1    | Noticed Jorgrun
 11435 | D:11     | Mangled by Jorgrun

Skill      XL: |  1  2  3  4  5  6  7  8  9 10 11 12 |
---------------+-------------------------------------+-----
Spellcasting   | 5 6 7 8 |  8.6
Invocations    | 1 2 3 4 5 6 7 |  7.6
Short Blades   | 1 2 3 4 5 6 |  6.9
Long Blades    | 1 2 3 4 5 6 |  6.9
Axes           | 1 2 3 4 5 6 |  6.9
Maces & Flails | 1 2 3 4 5 6 |  6.9
Staves         | 1 2 3 4 5 6 |  6.9
Slings         | 1 2 3 4 5 6 |  6.9
Bows           | 1 2 3 4 5 6 |  6.9
Crossbows      | 1 2 3 4 5 6 |  6.9
Stealth        | 1 2 3 4 5 6 |  6.9
Shields        | 1 2 3 4 5 6 |  6.9
Unarmed Combat | 1 2 3 4 5 6 |  6.9
Evocations     | 1 2 3 4 5 6 |  6.9
Conjurations   | 1 2 3 4 5 |  5.7
Hexes          | 1 2 3 4 5 |  5.7
Charms         | 1 2 3 4 5 |  5.7
Summonings     | 1 2 3 4 5 |  5.7
Necromancy     | 1 2 3 4 5 |  5.7
Transmutations | 1 2 3 4 5 |  5.7
Fire Magic     | 1 2 3 4 5 |  5.7
Ice Magic      | 1 2 3 4 5 |  5.7
Air Magic      | 1 2 3 4 5 |  5.7
Earth Magic    | 1 2 3 4 5 |  5.7
Poison Magic   | 1 2 3 4 5 |  5.7
Throwing       | 3 4 5 6 7 |  7.5
Armour         | 3 4 5 6 7 |  7.5
Fighting       | 5 6 7 8 |  8.4
Polearms       | 5 6 7 8 |  8.4
Dodging        | 5 6 7 8 |  8.4
Translocations | 6 7 8 |  8.0

Action                   |  1- 3 |  4- 6 |  7- 9 | 10-12 || total
-------------------------+-------+-------+-------+-------++-------
Melee: Spear             |   132 |   102 |       |       ||   234
       Bite              |    17 |    20 |    22 |    47 ||   106
       Dagger            |       |    83 |       |       ||    83
       War axe           |       |    65 |   226 |   367 ||   658
       Punch             |       |       |     3 |     5 ||     8
 Fire: Fustibalus        |       |       |       |   194 ||   194
Throw: Tomahawk          |     1 |    13 |    25 |    29 ||    68
 Cast: Dazzling Spray    |       |       |    14 |     5 ||    19
       Searing Ray       |       |       |     4 |     7 ||    11
       Force Lance       |       |       |     3 |     8 ||    11
       Gell's Gravitas   |       |       |       |     2 ||     2
       Blink             |       |       |       |     1 ||     1
Invok: Heroism           |       |       |       |     3 ||     3
       Finesse           |       |       |       |     1 ||     1
Evoke: Wand              |       |       |       |     9 ||     9
  Use: Scroll            |       |     5 |     2 |     5 ||    12
       Potion            |       |       |     2 |     4 ||     6
 Stab: Sleeping          |       |       |     6 |     9 ||    15
       Invisible         |       |       |     1 |     1 ||     2
       Paralysed         |       |       |       |     2 ||     2
  Eat: Chunk             |     1 |     7 |    10 |    10 ||    28
       Ration            |       |       |     1 |     3 ||     4
Armor: Leather armour    |     6 |       |       |       ||     6
       Chain mail        |    24 |   101 |       |   142 ||   267
       Ring mail         |       |    33 |   108 |    63 ||   204
Dodge: Dodged            |    51 |   103 |   236 |   299 ||   689
